 Dungeon Crawl Stone Soup version 0.29.1 (webtiles) character file.

Game seed: 2924802356864569749

1540 Iusername the Carver (level 8, -9/70 HPs)
             Began as a Minotaur Fighter on Sept 12, 2022.
             Was an Initiate of Dithmenos.
             Mangled by an ogre
             ... wielding a +0 giant club
              (32 damage)
             ... on level 6 of the Dungeon on Sept 13, 2022.
             The game lasted 00:10:01 (6750 turns).

Iusername the Carver (Minotaur Fighter)             Turns: 6750, Time: 00:10:01

Health: -9/70      AC: 10    Str: 22    XL:     8   Next: 56%
Magic:  7/7        EV: 10    Int: 11    God:    Dithmenos [......]
Gold:   437        SH:  5    Dex: 11    Spells: 7/7 levels left

rFire   . . .      SeeInvis .   a - +1 long sword
rCold   . . .      Faith    .   c - +0 buckler
rNeg    . . .      Spirit   .   b - +0 scale mail
rPois   .          Reflect  .   q - +0 hat
rElec   .          Harm     .   g - +0 cloak
rCorr   .          Rampage  .   u - +0 pair of gloves
Will    .....                   (no boots)
Stlth   ..........              (no amulet)
HPRegen 0.21/turn               e - +6 ring of intelligence
MPRegen 0.10/turn               (no ring)

@: mighty, lethally poisoned (-9 -> -11), studying Long Blades
A: horns 2, retaliatory headbutt
a: Renounce Religion


You were on level 6 of the Dungeon.
You worshipped Dithmenos.
Dithmenos was noncommittal.
You visited 2 branches of the dungeon, and saw 7 of its levels.

You collected 437 gold pieces.

Inventory:

Hand Weapons
 a - a +1 long sword (weapon)
Armour
 b - a +0 scale mail (worn)
 c - a +0 buckler (worn)
 g - a +0 cloak (worn)
 q - a +0 hat (worn)
 u - a +0 pair of gloves (worn)
Jewellery
 e - a +6 ring of intelligence (left hand)
 w - a ring of magical power
Wands
 i - a wand of charming (11)
 n - a wand of quicksilver (2) (quivered)
Scrolls
 f - a scroll of amnesia
 j - a scroll of butterflies
 l - 5 scrolls of poison
 m - 4 scrolls of vulnerability
 v - a scroll of brand weapon {unknown}
 y - a scroll of noise {unknown}
 z - a scroll of teleportation
Potions
 d - a potion of invisibility {unknown}
 h - a potion of flight {unknown}
 o - 2 potions of mutation {unknown}
 p - a potion of resistance {unknown}
 r - a potion of brilliance {unknown}
 t - a potion of heal wounds {unknown}


   Skills:
 + Level 5.9 Fighting
 + Level 9.4 Long Blades
 + Level 7.4 Armour
 + Level 3.2 Dodging
 + Level 1.0 Stealth
 + Level 6.3 Shields
 + Level 1.0 Evocations


You had 7 spell levels left.
You didn't know any spells.
Your spell library contained the following spells:

 Spells                   Type           Power      Damage    Failure   Level
 Ensorcelled Hibernation  Hex/Ice        0%         N/A       85%         2
 Poisonous Vapours        Pois/Air       0%         N/A       85%         2
 Spider Form              Tmut/Pois      0%         N/A       97%         3
 Tukima's Dance           Hex            0%         N/A       97%         3
 Anguish                  Hex/Necr       0%         N/A       100%        4
 Corpse Rot               Necr/Pois/Air  0%         N/A       100%        4
 Passage of Golubria      Tloc           0%         N/A       100%        4
 Yara's Violent Unravell  Hex/Tmut       0%         3d3       100%        5


Dungeon Overview and Level Annotations

Branches:
Dungeon (6/15)             Temple (1/1) D:6

Altars:
Ashenzari
Dithmenos
Elyvilon
Kikubaaqudgha
Okawaru
Trog

Annotations:
D:4 3 runed translucent doors, xian's ghost, amateur TrGl


Innate Abilities, Weirdness & Mutations

You have a pair of horns on your head.
You reflexively headbutt those who attack you in melee.


Message History

The kobold brigand hits you with a +0 club!
The kobold brigand throws a poisoned dart.
The poisoned dart hits you!
You are poisoned.
The kobold brigand hits you but does no damage.
You feel very sick. The kobold brigand misses you.
You feel very mighty all of a sudden.
You feel sick.
The kobold brigand hits you but does no damage.
The kobold brigand throws a poisoned dart.
The poisoned dart barely misses you.
You feel sick.
The kobold brigand hits you with a +0 short sword!
You slice the kobold brigand!!
You kill the kobold brigand!
Dithmenos accepts your kill.
You feel sick. The kobold brigand closely misses you.
You slash the iguana!
The iguana is almost dead.
You feel sick. You block the iguana's attack.
The kobold brigand barely misses you. You furiously retaliate!
You headbutt the kobold brigand!
An iguana comes into view.
You closely miss the iguana.
The iguana hisses angrily.
You headbutt the iguana.
You kill the iguana!
Dithmenos accepts your kill.
You feel sick. The kobold brigand barely misses you. You furiously retaliate!
You headbutt the kobold brigand!
You are too injured to fight recklessly!
Unknown command.
Unknown command.
You are too injured to fight recklessly!
The orc shouts!
You slice the ogre!!
The ogre is heavily wounded.
The ogre hits you with a +0 giant club!!
You die...

##### ....## .....##
##### ......# ##?....
......# ##.....
......#### ########....#
.........####.....##....
......##..........##..#
.....########...@O##o.#
....## ##...K)o..# #####
#..####o.# . #..# #..# #
#†.# #.... #
#~~....#.l.o# #
#~~~...###.... #
#~#............ ##
#~~~..##..##...


You could see a kobold brigand (strong), an ogre and 2 orcs.

Vanquished Creatures
  Sigmund (D:2)
  Eustachio (D:4)
  Menkaure (D:6)
  Pargi (D:4)
  Duvessa (D:5)
  2 ice beasts
  A sky beast (D:6)
  A centaur (D:6)
  A kobold brigand (D:6)
  A scorpion (D:5)
  Dowan (D:5)
  A howler monkey (D:5)
  A jelly (D:5)
  3 iguanas
  Ijyb (D:4)
  Natasha (thrice) (D:3)
  7 adders
  A gnoll (D:2)
  A river rat (D:6)
  An ufetubus (D:4)
  6 dart slugs
  A worm (D:5)
  6 orcs
  6 bats
  5 endoplasms
  3 giant cockroaches
  19 goblins
  5 hobgoblins
  5 jackals
  10 kobolds
  3 quokkas
  8 ball pythons
  2 frilled lizards (D:1)
  9 rats
119 creatures vanquished.

Notes
Turn   | Place    | Note
-------+----------+-------------------------------------------
     0 | D:1      | Iusername the Minotaur Fighter began the quest for the Orb.
     0 | D:1      | Reached XP level 1. HP: 19/19 MP: 0/0
   160 | D:1      | Reached XP level 2. HP: 24/27 MP: 1/1
   459 | D:1      | Reached XP level 3. HP: 30/33 MP: 2/2
   925 | D:2      | Noticed Sigmund
   945 | D:2      | Killed Sigmund
   946 | D:2      | Reached skill level 4 in Long Blades
   946 | D:2      | Reached skill level 1 in Dodging
   946 | D:2      | Reached skill level 5 in Shields
   946 | D:2      | Reached XP level 4. HP: 21/41 MP: 3/3
   946 | D:2      | Reached XP level 5. HP: 24/47 MP: 4/4
  1937 | D:3      | Noticed Natasha
  1946 | D:3      | Killed Natasha
  1947 | D:3      | Reached XP level 6. HP: 51/53 MP: 5/5
  2052 | D:3      | Noticed Natasha
  2055 | D:3      | Killed Natasha
  2116 | D:3      | Noticed Natasha
  2124 | D:3      | Killed Natasha
  2125 | D:3      | Reached skill level 5 in Long Blades
  2125 | D:3      | Reached skill level 5 in Armour
  2461 | D:4      | Found a runed translucent gate.
  2461 | D:4      | Found a runed translucent gate.
  2462 | D:4      | Found a runed translucent gate.
  2474 | D:4      | Noticed Pargi
  2491 | D:4      | Killed Pargi
  3249 | D:4      | Noticed xian's ghost (amateur TrGl)
  3357 | D:4      | Noticed Eustachio
  3384 | D:4      | Killed Eustachio
  3385 | D:4      | Reached skill level 6 in Long Blades
  3385 | D:4      | Reached XP level 7. HP: 37/60 MP: 6/6
  3858 | D:4      | Reached skill level 5 in Fighting
  3894 | D:4      | Noticed Ijyb
  3933 | D:4      | Killed Ijyb
  4129 | D:5      | Entered Level 5 of the Dungeon
  4129 | D:5      | Noticed Duvessa
  4129 | D:5      | Noticed Dowan
  4132 | D:5      | Killed Duvessa
  4133 | D:5      | Killed Dowan
  4515 | D:5      | Reached skill level 7 in Long Blades
  4556 | D:5      | Reached skill level 1 in Evocations
  5029 | D:5      | Reached skill level 8 in Long Blades
  5029 | D:5      | Reached XP level 8. HP: 35/69 MP: 7/7
  5684 | D:6      | Found a staircase to the Ecumenical Temple.
  5687 | D:6      | Noticed Menkaure
  5702 | D:6      | Killed Menkaure
  5704 | D:6      | Reached skill level 1 in Stealth
  6105 | Temple   | Entered the Ecumenical Temple
  6230 | Temple   | Became a worshipper of Dithmenos the Shadowed
  6354 | D:6      | Reached skill level 9 in Long Blades
  6750 | D:6      | Mangled by an ogre

Illustrated notes

Levels and vault maps discovered:
D:1:      lightli_arrival_statuegarden, layout_basic, minmay_heptomino_d4
D:2:      layout_rooms, cheibrodos_gnoll_hut, uniq_sigmund
D:3:      layout_basic, serial_bayou_pond_a, uniq_natasha
D:4:      kennysheep_goblin_castle, layout_loops_cross, gammafunk_ghost_icy,
          uniq_pargi, uniq_eustachio
D:5:      layout_loops_cross, uniq_duvessa
D:6:      layout_rooms, minmay_temple_entry_stoned_glass,
          lightli_sewer_entry_pipes, serial_shops, nicolae_lakefront_shop,
          minmay_circle_x, uniq_menkaure, uniq_grinder
Temple:   mainiacjoe_temple_cubbyholes

Skill      XL: |  1  2  3  4  5  6  7  8 |
---------------+-------------------------+-----
Shields        | 4 5 6 |  6.3
Fighting       | 4 5 |  5.9
Armour         | 4 5 6 7 |  7.4
Long Blades    | 4 6 8 9 |  9.4
Dodging        | 1 2 3 |  3.2
Evocations     | 1 |  1.0
Stealth        | 1 |  1.0

Action                   |  1- 3 |  4- 6 |  7- 9 || total
-------------------------+-------+-------+-------++-------
Melee: Long sword        |   106 |    96 |   158 ||   360
       Headbutt          |    11 |    13 |    29 ||    53
Evoke: Wand              |       |     5 |     5 ||    10
  Use: Potion            |     1 |       |     3 ||     4
       Scroll            |       |     4 |     5 ||     9
Armor: Scale mail        |    57 |    59 |    79 ||   195
Dodge: Dodged            |    55 |    72 |    71 ||   198
Block: Buckler           |    27 |    38 |    47 ||   112
